 Dungeon Crawl Stone Soup version 0.28-a0-811-g00180f5fcc (webtiles) character file.

Game seed: 1327514409157338829

226 MacCMillion the Ruffian (level 5, -1/49 (50) HPs)
             Began as a Troll Earth Elementalist on Nov 8, 2021.
             Was an Initiate of Vehumet.
             Slain by an orc wizard (3 damage)
             ... on level 4 of the Dungeon.
             The game lasted 00:05:21 (1438 turns).

MacCMillion the Ruffian (Troll Earth Elementalist)  Turns: 1438, Time: 00:05:22

HP:   -1/49 (50)    AC:  4    Str: 17    XL:     5   Next: 69%
MP:   5/5           EV:  9    Int: 11    God:    Vehumet [......]
Gold: 91            SH:  0    Dex: 10    Spells: 3/6 levels left

rFire   . . .      SeeInvis .     - Unarmed
rCold   . . .      Faith    .   (no shield)
rNeg    . . .      Spirit   .   h - +0 animal skin
rPois   .          Reflect  .   (helmet restricted)
rElec   .          Harm     .   (no cloak)
rCorr   .          Rampage  .   (gloves unavailable)
Will    .....                   (boots unavailable)
Stlth   +.........              (no amulet)
HPRegen 1.16/turn               (no ring)
MPRegen 0.09/turn               (no ring)

@: lightly drained
A: large, unfitting armour, claws 3, regeneration 1, shaggy fur 1, tough skin 1
a: Renounce Religion


You were on level 4 of the Dungeon.
You worshipped Vehumet.
Vehumet was noncommittal.
You visited 1 branch of the dungeon, and saw 4 of its levels.

You collected 91 gold pieces.

Inventory:

Hand Weapons
 a - a +0 club
Missiles
 c - 117 stones
 p - 7 poisoned darts
Armour
 h - a +0 animal skin (worn)
 m - a +0 hat
 n - a +0 kite shield
Scrolls
 e - 2 scrolls of fear {unknown}
 f - 2 scrolls of fog {unknown}
 i - 3 scrolls of identify {unknown}
 k - a scroll of acquirement {unknown}
 o - a scroll of blinking {unknown}
Potions
 b - 2 potions of degeneration {unknown}
 d - a potion of attraction {unknown}
 g - a potion of brilliance {unknown}
 j - a potion of heal wounds {unknown}
 l - a potion of lignification {unknown}


   Skills:
 + Level 2.4 Fighting
 - Level 1.5 Dodging
 - Level 1.0 Stealth
 * Level 4.5 Unarmed Combat
 - Level 1.2 Spellcasting
 - Level 0.6 Transmutations
 - Level 2.6 Earth Magic


You had 3 spell levels left.
You knew the following spells:

 Your Spells              Type           Power      Damage    Failure   Level
a - Sandblast             Erth           12%        2d6       11%         1
b - Passwall              Tmut/Erth      3%         N/A       24%         2

Your spell library contained the following spells:

 Spells                   Type           Power      Damage    Failure   Level
 Stone Arrow              Conj/Erth      6%         3d7       50%         3
 Ignite Poison            Fire/Tmut/Pois 1%         N/A       65%         3
 Mephitic Cloud           Conj/Pois/Air  0%         N/A       67%         3
 Petrify                  Tmut/Erth      4%         N/A       85%         4
 Freezing Cloud           Conj/Ice/Air   0%         6-21      100%        5


Dungeon Overview and Level Annotations

Branches:
Dungeon (4/15)
 Temple: D:4-7

Altars:
Dithmenos
Okawaru
Qazlal
Ru
Vehumet

Shops:
D:3 =

Annotations:
D:2 Sigmund
D:3 1 runed translucent door, BinkBink's ghost, amateur DEFE


Innate Abilities, Weirdness & Mutations

You are too large for most types of armour.
You have claws for hands.
Your natural rate of healing is unusually fast.
You are covered in fur. (AC +1)
You have tough skin. (AC +1)


Message History

The goblin blinks!
The orc priest blinks!
The orc blinks!
The endoplasm blinks!
The ball python blinks!
The orc priest blinks!
The orc blinks!
The ball python blinks!
The orc wizard blinks! x2; You blink.
The orc enters a dispersal trap!
The orc wizard blinks!
The ball python bites you.
You completely miss the orc priest. Your claw misses the orc priest.
The endoplasm closely misses you.
The ball python bites you but does no damage.
The orc priest hits you with a +4 short sword.
Unknown command.
You barely miss the orc priest. The endoplasm freezes you.
You are frozen.
The ball python bites you but does no damage.
The orc priest calls down the wrath of Beogh upon you.
Pain shoots through your body!
The orc wizard casts a spell.
The orc wizard flickers and vanishes!
Deactivating autopickup; reactivate with Ctrl-A.
You scratch the orc priest.
The orc priest is lightly wounded.
The ball python bites you. The endoplasm closely misses you.
The goblin unwields a +0 dagger.
The goblin wields a +0 hunting sling.
The goblin shoots a stone.
The stone hits you.
Unknown command.
Unknown command.
You claw the orc priest!
The orc priest is almost dead.
The orc priest hits you with a +4 short sword.
The ball python bites you but does no damage.
The endoplasm freezes you.
You are frozen.
You barely miss the orc priest.
The orc priest is almost dead.
The ball python bites you but does no damage.
The orc priest invokes the aid of Beogh against you.
Beogh smites you!
* * * LOW HITPOINT WARNING * * *
The goblin shoots a stone.
The stone barely misses you. Something hits you.
You die...

....#..........§...
.......).........#
..........o.$....#
.....>...........#
......†.......o..#
.................#
........g..^.....#
...............S.##
..............@o..#
..............J{..#
.?..##..........$[#
######......##
#......# ........
.........#
#.#........


You could see an orc priest, an orc wizard, an orc, an endoplasm, a goblin and a
ball python.

Vanquished Creatures
  A black bear (D:4)
  A hound (D:3)
  Natasha (D:2)
  Robin (D:2)
  An adder (D:3)
  A worm (D:3)
  3 dart slugs
  2 ball pythons
  2 bats (D:3)
  7 endoplasms
  A giant cockroach (D:2)
  11 goblins
  7 hobgoblins
  2 quokkas (D:1)
  4 frilled lizards
  4 kobolds
  A rat (D:2)
50 creatures vanquished.

Notes
Turn   | Place    | Note
-------+----------+-------------------------------------------
     0 | D:1      | MacCMillion the Troll Earth Elementalist began the quest
                  | for the Orb.
     0 | D:1      | Reached XP level 1. HP: 16/16 MP: 1/1
    69 | D:1      | Reached skill level 1 in Unarmed Combat
    75 | D:1      | Reached XP level 2. HP: 26/26 MP: 2/2
   496 | D:2      | Identified the +2 helmet of Indecent Exposure {Contam rElec
                  | rF+}
   496 | D:2      | Noticed Robin
   508 | D:2      | Reached skill level 2 in Unarmed Combat
   515 | D:2      | Reached skill level 1 in Fighting
   533 | D:2      | Reached XP level 3. HP: 25/33 MP: 3/3
   538 | D:2      | Killed Robin
   677 | D:2      | Noticed Sigmund
   677 | D:2      | Noticed Natasha
   737 | D:2      | Learned a level 2 spell: Passwall
   745 | D:2      | Found a stormy altar of Qazlal.
   762 | D:2      | Killed Natasha
   763 | D:2      | Reached skill level 3 in Unarmed Combat
   763 | D:2      | Reached XP level 4. HP: 27/41 MP: 4/4
   773 | D:3      | Found a shadowy altar of Dithmenos.
   852 | D:3      | Found a runed translucent door.
   866 | D:3      | Found Tomnuino's Jewellery Shop.
   922 | D:3      | Found a sacrificial altar of Ru.
  1072 | D:3      | Found an iron altar of Okawaru.
  1161 | D:3      | Noticed BinkBink's ghost (amateur DEFE)
  1174 | D:3      | Found a radiant altar of Vehumet.
  1206 | D:3      | Became a worshipper of Vehumet
  1280 | D:4      | Noticed a black bear
  1345 | D:4      | Killed a black bear
  1346 | D:4      | Reached skill level 4 in Unarmed Combat
  1346 | D:4      | Reached XP level 5. HP: 37/50 MP: 5/5
  1438 | D:4      | HP: 2/49 [orc priest/divine providence (15)]
  1438 | D:4      | Slain by an orc wizard

Illustrated notes

Levels and vault maps discovered:
D:1:      lemuel_arrival_river_ford, layout_basic, minmay_surrounded
D:2:      layout_rooms, basic_altar, hellmonk_ecumenical_altar_inner_sanctum,
          minivault_4, uniq_sigmund, uniq_natasha, uniq_robin
D:3:      layout_rooms, mainiacjoe_overflow_catwalk, okawaru_metal_pillars_1_2,
          mainiacjoe_overflow_catch_the_wave, ebering_ghost_sewer_d,
          serial_shops, shop
D:4:      layout_rooms

Skill      XL: |  1  2  3  4 |
---------------+-------------+-----
Unarmed Combat | 1 2 3 4 |  4.5
Fighting       | 1 2 |  2.4
Dodging        | |  1.5
Stealth        | |  1.0
Spellcasting   | |  1.2
Transmutations | |  0.6
Earth Magic    | |  2.6

Action                   |  1- 3 |  4- 6 || total
-------------------------+-------+-------++-------
Melee: Unarmed           |    59 |    77 ||   136
 Stab: Sleeping          |       |     1 ||     1
Armor: Robe              |    20 |       ||    20
       Animal skin       |     6 |    28 ||    34
Dodge: Dodged            |    26 |    35 ||    61

Table legend: (Time is in decaauts)
 A = Elapsed time spent in this place.
 B = Non-inter-level travel time spent in this place.
 C = Inter-level travel time spent in this place.
 D = Time resting spent in this place.
 E = Time spent auto-exploring this place.
 F = Levels seen in this place.
 G = Mean time per level.
                   A        B        C        D        E       F      G
               +--------+--------+--------+--------+--------+-----+--------+
         Total |   1449 |   1405 |     44 |      0 |    920 |   4 |  362.2 |
       Dungeon |   1449 |   1405 |     44 |      0 |    920 |   4 |  362.2 |
               +--------+--------+--------+--------+--------+-----+--------+

Top non-repeatable levels by time:
     D:3: 550 daAuts
     D:1: 477 daAuts
     D:2: 309 daAuts
     D:4: 111 daAuts
